 Dungeon Crawl Stone Soup version 0.31.0-11-ge490571c62 (webtiles) character file.

Game seed: 11045400925608889259

542 FilipinaBountyHunter the Shooter (level 7, 0/52 HPs)
             Began as a Human Hunter on Jan 29, 2024.
             Was an Initiate of Gozag.
             Shot with an arrow by a centaur (11 damage)
             ... on level 7 of the Dungeon.
             The game lasted 00:11:34 (2263 turns).

FilipinaBountyHunter the Shooter (Human Hunter)     Turns: 2263, Time: 00:11:35

Health: 0/52       AC:  6    Str: 12    XL:     7   Next: 27%
Magic:  9/9        EV: 12    Int: 11    God:    Gozag
Gold:   407        SH:  0    Dex: 16    Spells: 8/8 levels left

rFire   . . .        d - +0 falchion
rCold   . . .        k - orb {light}
rNeg    . . .        c - +0 leather armour
rPois   .            l - +2 helmet
rElec   .            (no cloak)
rCorr   .            (no gloves)
SInv    .            (no boots)
Will    .....        (no amulet)
Stlth   +            (no ring)
HPRegen 0.28/turn    (no ring)
MPRegen 0.11/turn

%: no passive effects
@: glowing
A: explore regen
a: Renounce Religion, Potion Petition, Call Merchant, Bribe Branch


You were on level 7 of the Dungeon.
You worshipped Gozag.
Gozag was aware of your devotion.
You visited 1 branch of the dungeon, and saw 5 of its levels.

You collected 429 gold pieces.
You paid 22 gold pieces to Gozag.

Inventory:

Hand Weapons
 a - a +0 shortbow
 d - a +0 falchion (weapon)
Missiles
 f - 4 boomerangs (quivered)
 m - 5 poisoned darts
Armour
 c - a +0 leather armour (worn)
 k - an orb of light (worn)
 l - a +2 helmet (worn)
Jewellery
 g - a ring of fire
Scrolls
 b - 2 scrolls of identify
 i - 5 scrolls of noise
 j - 3 scrolls of vulnerability
Potions
 e - 2 potions of brilliance


   Skills:
 * Level 3.0 Fighting
 * Level 2.8 Long Blades
 * Level 5.1 Ranged Weapons
 * Level 2.4 Throwing
 * Level 2.1 Armour
 * Level 2.9 Dodging
 * Level 2.8 Stealth
 * Level 1.4 Spellcasting


You had 8 spell levels left.
You didn't know any spells.
Your spell library contained the following spells:

 Spells                   Type           Power      Damage    Failure   Level
 Apportation              Tloc           0%         N/A       36%         1
 Necrotise                Necr           0%         1d4       36%         1
 Sting                    Conj/Alch      0%         1d3       36%         1
 Summon Small Mammal      Summ           0%         N/A       36%         1
 Ozocubu's Armour         Ice            0%         N/A       75%         3
 Summon Ice Beast         Ice/Summ       0%         N/A       75%         3
 Metabolic Englaciation   Hex/Ice        0%         N/A       100%        5
 Summon Mana Viper        Hex/Summ       0%         N/A       100%        5
 Sculpt Simulacrum        Ice/Alch       0%         N/A       100%        6
 Monstrous Menagerie      Summ           0%         N/A       100%        7


Dungeon Overview and Level Annotations

Branches:
Dungeon (4/15)
 Temple: D:4-7

Altars:
Gozag


Innate Abilities, Weirdness & Mutations

You regain HP and MP as you explore.


Message History

The quokka is severely wounded.
The quokka bites you.
You slash the quokka!
You kill the quokka!
You now have 407 gold pieces (gained 7).
You see here a +0 sling.
Okay, then.
Okay, then.
You see here a +0 sling.
A malevolent force fills the Dungeon...
You fall into a shaft and drop 3 floors!
The shaft crumbles and collapses.
As you open the door, it creaks loudly!
There is an open door here.
A centaur comes into view.
The centaur shouts!
The centaur wields a +0 shortbow.
The centaur shoots an arrow.
The arrow hits you!
The centaur shoots an arrow.
The arrow barely misses you.
The centaur shoots an arrow.
The arrow hits you!
The centaur shoots an arrow.
The arrow closely misses you.
Okay, then.
The centaur shoots an arrow.
The arrow hits you!
The centaur shoots an arrow.
The arrow closely misses you.
The centaur shoots an arrow.
The arrow barely misses you.
The centaur shoots an arrow.
The arrow hits you!
The centaur shoots an arrow.
The arrow closely misses you.
The centaur shoots an arrow.
The arrow hits you.
The centaur shoots an arrow.
The arrow closely misses you.
The centaur shoots an arrow.
The arrow misses you.
The centaur shoots an arrow.
The arrow hits you.
The centaur shoots an arrow.
The arrow hits you!
* * * LOW HITPOINT WARNING * * *
The centaur shoots an arrow.
The arrow hits you.
* * * LOW HITPOINT WARNING * * *
You feel better.
The centaur shoots an arrow.
The arrow hits you!
* * * LOW HITPOINT WARNING * * *
The centaur shoots an arrow.
The arrow hits you!
You die...
Your body crumbles into a pile of gold.

..#.......# ##
#c####### #.#
#.# #.# #.#
#.# #.# #@#
#.# ########
#.###......###
#...'.........
#####......##.
#......#
#......#
#......#
#.........


You could see a centaur.

Vanquished Creatures
  Grinder (D:3)
  Sigmund (D:3)
  2 bombardier beetles (D:3)
  5 adders
  A ribbon worm (D:3)
  A dart slug (D:1)
  6 orcs
  4 bats
  5 endoplasms
  2 giant cockroaches (D:1)
  9 hobgoblins
  6 jackals
  3 kobolds
  5 quokkas
  6 ball pythons
  3 frilled lizards
  5 goblins (D:1)
  13 rats
78 creatures vanquished.

Notes
Turn   | Place    | Note
-------+----------+-------------------------------------------
     0 | D:1      | FilipinaBountyHunter the Human Hunter began the quest for
                  | the Orb.
     0 | D:1      | Reached XP level 1. HP: 16/16 MP: 1/1
    34 | D:1      | Reached XP level 2. HP: 22/22 MP: 2/2
   235 | D:2      | Reached XP level 3. HP: 27/27 MP: 3/3
   490 | D:2      | Found an opulent altar of Gozag.
   503 | D:2      | Became a worshipper of Gozag Ym Sagoz the Greedy
   838 | D:1      | Reached XP level 4. HP: 32/34 MP: 4/4
  1272 | D:3      | Noticed Sigmund
  1346 | D:3      | Noticed Ijyb
  1408 | D:3      | Reached skill level 1 in Armour
  1408 | D:3      | Reached XP level 5. HP: 25/39 MP: 5/5
  1420 | D:3      | Reached skill level 1 in Long Blades
  1420 | D:3      | Reached skill level 1 in Throwing
  1694 | D:3      | Noticed Grinder
  1695 | D:3      | Paralysed by Grinder for 5 turns
  1704 | D:3      | Killed Grinder
  1705 | D:3      | Reached skill level 5 in Ranged Weapons
  1705 | D:3      | Reached skill level 1 in Spellcasting
  1705 | D:3      | Reached XP level 6. HP: 39/46 MP: 5/7
  1899 | D:3      | Killed Sigmund
  1900 | D:3      | Reached XP level 7. HP: 37/52 MP: 7/9
  2202 | D:4      | You fall into a shaft and drop 3 floors!
  2263 | D:7      | Shot with an arrow by a centaur

Illustrated notes

Levels and vault maps discovered:
D:1:      dpeg_arrival_ratfight, layout_basic
D:2:      layout_rooms, basic_altar
D:3:      layout_basic, chequers_serial_rivers_small_3, nicolae_the_louvre,
          uniq_grinder, uniq_sigmund, uniq_ijyb
D:4:      layout_loops_ring, good_gods_temple_1, uniq_duvessa
D:7:      layout_basic, mainiacjoe_overflow_alcove_2, uniq_jeremiah, uniq_joseph

Skill      XL: |  1  2  3  4  5  6 |
---------------+-------------------+-----
Stealth        | 2 |  2.8
Armour         | 1 2 |  2.1
Long Blades    | 2 |  2.8
Throwing       | 2 |  2.4
Ranged Weapons | 5 |  5.1
Spellcasting   | 1 |  1.4
Fighting       | 3 |  3.0
Dodging        | |  2.9

Action                     |  1- 3 |  4- 6 |  7- 9 || total
---------------------------+-------+-------+-------++-------
  Melee: Unarmed           |    18 |       |       ||    18
         Falchion          |     7 |    87 |    18 ||   112
   Fire: Shortbow          |    69 |       |       ||    69
  Throw: Boomerang         |    10 |    37 |     9 ||    56
         Dart              |       |    11 |       ||    11
    Use: Scroll            |     5 |     4 |     1 ||    10
         Potion            |     2 |     2 |     1 ||     5
   Stab: Distracted        |       |     1 |       ||     1
 Armour: Leather armour    |    23 |    60 |    24 ||   107
         Skin              |    27 |       |       ||    27
  Dodge: Dodged            |    21 |    53 |    14 ||    88
